 Dungeon Crawl Stone Soup version 0.16-a0-3325-g64f94fb (webtiles) character file.

37 KaKa the Grave Robber (level 3, -7/24 HPs)
             Began as a Vampire Necromancer on Dec 27, 2014.
             Killed from afar by Terence (11 damage)
             ... with a wand of flame
             ... on level 2 of the Dungeon.
             The game lasted 00:06:40 (1249 turns).

KaKa the Grave Robber (Vampire Necromancer)         Turns: 1249, Time: 00:06:41

Health: -7/24      AC:  3    Str:  7    XL:     3   Next: 21%
Magic:  1/6        EV: 12    Int: 17    God:
Gold:   52         SH:  0    Dex: 15    Spells: 3 memorised, 1 level left

rFire  . . .     SeeInvis +     q - +0 rapier
rCold  . . .     Clarity  .     g - +0 leather armour
rNeg   . . .     SustAb   .     (no shield)
rPois  .         Gourm    .     (no helmet)
rElec  .         Spirit   .     (no cloak)
rCorr  .         Warding  .     (no gloves)
rMut   .         Stasis   .     (no boots)
MR     .....                    (no amulet)
Stlth  ++........               (no ring)
                                (no ring)

@: regenerating quickly, not resistant to hostile enchantments, unstealthy
A: bottle blood, fangs 3, see invisible, unbreathing
a: no special abilities


You were on level 2 of the Dungeon.
You were very full.

You visited 1 branch of the dungeon, and saw 2 of its levels.

You collected 52 gold pieces.

Inventory:

Hand weapons
 q - a +0 rapier (weapon)
Missiles
 e - 19 stones (quivered)
Armour
 a - a +0 robe
 g - a +0 leather armour (worn)
Jewellery
 f - an uncursed amulet of clarity {unknown}
 n - an uncursed ring of magical power {unknown}
Scrolls
 d - 2 scrolls of teleportation {unknown}
 h - a scroll of fear {unknown}
 l - 2 scrolls of amnesia {unknown}
 m - a scroll of blinking {unknown}
 p - 2 scrolls of remove curse {unknown}
 r - a scroll of random uselessness {unknown}
Potions
 c - 3 potions of blood
 i - 3 potions of curing {unknown}
 j - a potion of heal wounds {unknown}
 k - a potion of might {unknown}
 o - a potion of brilliance {unknown}
Books
 b - a book of Necromancy

   Spells                             Type                      Level
   a - Pain                           Necromancy                   1
   b - Animate Skeleton               Necromancy                   1
   c - Vampiric Draining              Necromancy                   3
   d - Regeneration                   Charms/Necromancy            3
   e - Animate Dead                   Necromancy                   4
   f - Control Undead                 Necromancy                   4


   Skills:
 - Level 2.1 Dodging
 - Level 3.0 Stealth
 - Level 2.0 Spellcasting
 + Level 5.6 Necromancy


You had one spell level left.
You knew the following spells:

 Your Spells              Type           Power        Failure   Level  Hunger
a - Pain                  Necr           ###.         1%          1    #......
b - Regeneration          Chrm/Necr      ##........   21%         3    ###....
f - Animate Skeleton      Necr           N/A          1%          1    #......


Dungeon Overview and Level Annotations

Branches:
Dungeon (2/15)

Altars:

Annotations:
D:2 Terence


Innate Abilities, Weirdness & Mutations

Your natural rate of healing is unusually fast.
You can bottle blood from corpses.
You have razor-sharp teeth.
You have supernaturally acute eyesight.
You can survive without breathing.


Message History

Aiming: Pain
Press: ? - help, Shift-Dir - straight line, f/p - Terence
Aim: Terence, wielding a flail, wearing a scale mail and carrying a wand of flame {zapped: 1} (severely wounded, chance 86%) Terence convulses in agony!
Terence drinks a potion.
Terence is healed!
Casting: Pain
Confirm with . or Enter, or press ? or * to list all spells.
Aiming: Pain
Press: ? - help, Shift-Dir - straight line, f/p - Terence
Aim: Terence, wielding a flail, wearing a scale mail and carrying a wand of flame {zapped: 1} (moderately wounded, chance 86%) Terence convulses in agony!
Terence zaps a wand.
The puff of flame misses you.
Casting: Pain
Confirm with . or Enter, or press ? or * to list all spells.
Aiming: Pain
Press: ? - help, Shift-Dir - straight line, f/p - Terence
Aim: Terence, wielding a flail, wearing a scale mail and carrying a wand of flame {zapped: 2} (heavily wounded, chance 86%) Terence convulses in agony!
Terence zaps a wand.
The puff of flame hits you!
Terence zaps a wand.
The puff of flame hits you!
* * * LOW HITPOINT WARNING * * *
Terence zaps a wand.
The puff of flame hits you!
You die...

#...##.# #.# ### #.#
#.# #.# #.. #.# ###
### #.# . ..# #.# .#
#.# #.######.# #.#
#........#####.#
##..........@.#.#
#..#.........###.#.#
..............#
#.#@#
####..##..##.###@#.#
##.#8รท.8#.......#
#...>....###.###
#.......## #.#
##+#8..8## #.#
##..##..## #.#


You could see Terence.

Vanquished Creatures
  A giant gecko (D:1)
  3 giant cockroaches
  A goblin (D:1)
  8 hobgoblins
  7 kobolds
  A ball python (D:1)
  5 bats
  2 giant newts (D:2)
  4 rats
32 creatures vanquished.

Notes
Turn   | Place    | Note
--------------------------------------------------------------
     0 | D:1      | KaKa, the Vampire Necromancer, began the quest for the Orb.
     0 | D:1      | Reached XP level 1. HP: 13/13 MP: 3/3
   293 | D:1      | Reached XP level 2. HP: 10/19 MP: 0/4
   296 | D:1      | Learned a level 1 spell: Animate Skeleton
   380 | D:1      | Reached skill level 5 in Necromancy
  1071 | D:2      | Reached XP level 3. HP: 21/24 MP: 3/6
  1127 | D:2      | Learned a level 3 spell: Regeneration
  1233 | D:2      | Noticed Terence
  1249 | D:2      | Killed from afar by Terence

Action                   || total
-------------------------++-------
Melee: Unarmed           ||     2
       Short sword       ||     2
       Rapier            ||     3
 Cast: Pain              ||    46
       Animate Skeleton  ||     2
 Stab: Sleeping          ||     2
  Eat: Corpse            ||    10
